 Dungeon Crawl Stone Soup version 0.30-a0-867-g305f332 (webtiles) character file.

Game seed: 12784307672004658210

496748 Illumine the Wrestler (level 22, -11/173 (188) HPs)
             Began as a Troll Fighter on Mar 10, 2023.
             Was the Champion of Ru.
             Killed from afar by a Hell Sentinel (54 damage)
             ... with an iron shot
             ... summoned by a shadow demon
             ... on level 5 of the Abyss.
             The game lasted 02:32:12 (50861 turns).

Illumine the Wrestler (Troll Fighter)              Turns: 50861, Time: 02:32:13

HP:   -11/173 (188) AC: 28    Str: 32    XL:     22   Next: 68%
MP:   16/18         EV:  7    Int:  6    God:    Ru [******]
Gold: 3832          SH: 17    Dex: 15    Spells: 21/21 levels left

rFire   . . .      SeeInvis .      - Unarmed
rCold   + + .      Faith    .    b - +1 kite shield "Menum" {rC+ Str+2 Int+2 Dex+2}
rNeg    + . .      Spirit   .    S - +6 gold dragon scales
rPois   +          Reflect  +    (helmet restricted)
rElec   +          Rampage  .    q - scarf {repulsion}
rCorr   +                        (gloves unavailable)
Will    +....                    (boots unavailable) Stlth
                                 N - amulet of reflection
HPRegen 0.00/turn                j - ring "Halill" {rCorr Slay+4}
MPRegen 0.16/turn                R - ring "Gemmint" {rElec rN+ Slay+5}

@: mighty, about to teleport, sick, studying Throwing, drained, repel missiles,
unable to read
A: large, unfitting armour, claws 3, regeneration 1, shaggy fur 1, tough skin 1,
no stealth, inability to use devices, hated by all, no air magic, no
conjurations magic, no hexes magic, disrupted magic 1, inexperienced 1,
deterioration 1, low MP 1, screaming 1, weak 2, inability to read after injury
2, frail 1[+1], [heat vulnerability 1]
}: 3/15 runes: decaying, serpentine, abyssal
a: Renounce Religion, Draw Out Power, Power Leap, Apocalypse


You were on level 5 of the Abyss.
You worshipped Ru.
Ru was exalted by your worship.
You visited 9 branches of the dungeon, and saw 42 of its levels.
You visited the Abyss 1 time.
You also visited: Bailey and Ice Cave.

You collected 6956 gold pieces.
You spent 3124 gold pieces at shops.

Inventory:

Hand Weapons
 n - the +1 quarterstaff of Subjectivity {holy, rPois rC+ Str+3}
   (You found it on level 2 of the Dungeon)

   Str:       It affects your strength (+3).
   rC:        It protects you from cold.
   rPois:     It protects you from poison.
 r - the +8 demon blade "Leech" {evervamp, Harm Drain rN+}
   (You found it on level 1 of the Elven Halls)

   rN:        It protects you from negative energy.
   Drain:     It drains your maximum health when unequipped.
   Harm:      It increases damage dealt and taken.
 s - a +4 heavy eveningstar
 w - the +7 Throatcutter {drain, coup de grace}
   (You took it off Terence on level 3 of the Dungeon)
 E - a +7 scimitar of flaming
Missiles
 d - 4 boomerangs (quivered)
 B - 8 boomerangs of dispersal
 I - 8 silver boomerangs
 K - 7 silver javelins
 W - 4 throwing nets
 Y - 47 large rocks
Armour
 b - the +1 kite shield "Menum" (worn) {rC+ Str+2 Int+2 Dex+2}
   (You acquired it on level 13 of the Dungeon)

   Str:       It affects your strength (+2).
   Int:       It affects your intelligence (+2).
   Dex:       It affects your dexterity (+2).
   rC:        It protects you from cold.
 q - a scarf of repulsion (worn)
 S - +6 gold dragon scales (worn)
Jewellery
 a - a ring of flight
 f - a ring of see invisible
 j - the ring "Halill" (left claw) {rCorr Slay+4}
   (You bought it in a shop on level 3 of the Elven Halls)

   [ring of slaying]

   Slay:      It affects your accuracy & damage with ranged weapons and melee
   (+4).
   rCorr:     It protects you from acid and corrosion.
 z - the ring "Ejos" {rN+ Will+ Dex+6}
   (You found it on level 1 of the Vaults)

   [ring of dexterity]

   Dex:       It affects your dexterity (+6).
   rN:        It protects you from negative energy.
   Will:      It increases your willpower.
 D - a +5 ring of evasion
 N - an amulet of reflection (around neck)
 O - a ring of positive energy
 P - the ring "Quomewk" {rElec rF+ Dex+6}
   (You found it on level 5 of the Lair of Beasts)

   [ring of dexterity]

   Dex:       It affects your dexterity (+6).
   rF:        It protects you from fire.
   rElec:     It insulates you from electricity.
 R - the ring "Gemmint" (right claw) {rElec rN+ Slay+5}
   (You took it off a deep elf annihilator on level 3 of the Elven Halls)

   [ring of positive energy]

   Slay:      It affects your accuracy & damage with ranged weapons and melee
   (+5).
   rElec:     It insulates you from electricity.
   rN:        It protects you from negative energy.
 T - a ring of protection from cold
 U - the amulet of Tiro Ehy {Spirit Rampage Will++ Int+3 Dex-3}
   (You found it on level 1 of the Lair of Beasts)

   [amulet of guardian spirit]

   It causes incoming damage to be divided between your reserves of health and
   magic.
   Int:       It affects your intelligence (+3).
   Dex:       It affects your dexterity (-3).
   Rampage:   It bestows one free step when moving towards enemies.
   Will:      It greatly increases your willpower.
 X - a ring of protection from cold
 Z - a ring of poison resistance
Scrolls
 e - 8 scrolls of fog
 h - 4 scrolls of torment
 o - 8 scrolls of teleportation
 u - 7 scrolls of immolation
 v - 3 scrolls of enchant armour
 y - a scroll of blinking
 F - 6 scrolls of poison
 H - 5 scrolls of magic mapping
 Q - 2 scrolls of fear
 V - 6 scrolls of vulnerability
Potions
 c - 3 potions of might
 g - a potion of resistance
 i - 11 potions of curing
 k - 13 potions of flight
 l - 15 potions of mutation
 m - 12 potions of attraction
 p - 4 potions of berserk rage
 t - 6 potions of lignification
 x - 5 potions of heal wounds
 G - 5 potions of haste
 J - 2 potions of magic
 L - 3 potions of invisibility


   Skills:
 + Level 17.4 Fighting
 - Level 4.0 Long Blades
 + Level 17.1 Throwing
 + Level 15.5 Armour
 - Level 8.0 Dodging
 - Level 10.1 Shields
 * Level 26.1 Unarmed Combat


You had 21 spell levels left.
You didn't know any spells.
Your spell library contained the following spells:

 Spells                   Type           Power      Damage    Failure   Level
 Beastly Appendage        Tmut           0%         N/A       100%        1
 Sandblast                Erth           0%         2d4       100%        1
 Blink                    Tloc           0%         N/A       100%        2
 Lesser Beckoning         Tloc           0%         N/A       100%        2
 Passwall                 Tmut/Erth      0%         N/A       100%        2
 Scorch                   Fire           0%         2d5       100%        2
 Wereblood                Tmut           0%         N/A       100%        2
 Gell's Gravitas          Tloc           0%         N/A       100%        3
 Spider Form              Tmut/Pois      0%         N/A       100%        3
 Teleport Other           Tloc           0%         N/A       100%        3
 Dispel Undead            Necr           0%         3d6       100%        4
 Manifold Assault         Tloc           0%         N/A       100%        4
 Passage of Golubria      Tloc           0%         N/A       100%        4
 Petrify                  Tmut/Erth      0%         N/A       100%        4
 Agony                    Necr           0%         N/A       100%        5
 Borgnjor's Vile Clutch   Necr/Erth      0%         N/A       100%        5
 Statue Form              Tmut/Erth      0%         N/A       100%        6
 Dragon Form              Tmut           0%         N/A       100%        7
 Borgnjor's Revivificati  Necr           0%         N/A       100%        8
 Necromutation            Tmut/Necr      0%         N/A       100%        8
 Death's Door             Necr           0%         N/A       100%        9
 Magic Dart               Conj           Unusable   1d3       N/A         1
 Summon Small Mammal      Summ           Unusable   N/A       N/A         1
 Call Imp                 Summ           Unusable   N/A       N/A         2
 Cigotuvi's Dreadful Rot  Necr/Pois/Air  Unusable   N/A       N/A         2
 Momentum Strike          Conj/Tloc      Unusable   3d8       N/A         2
 Dazzling Flash           Conj/Hex       Unusable   N/A       N/A         3
 Mephitic Cloud           Conj/Pois/Air  Unusable   N/A       N/A         3
 Summon Guardian Golem    Hex/Summ       Unusable   N/A       N/A         3
 Tukima's Dance           Hex            Unusable   N/A       N/A         3
 Animate Dead             Necr           Unusable   N/A       N/A         4
 Cause Fear               Hex            Unusable   N/A       N/A         4
 Flame Wave               Conj/Fire      Unusable   2d4       N/A         4
 Metabolic Englaciation   Hex/Ice        Unusable   N/A       N/A         5
 Silence                  Hex/Air        Unusable   N/A       N/A         5
 Yara's Violent Unravell  Hex/Tmut       Unusable   3d3       N/A         5
 Death Channel            Necr           Unusable   N/A       N/A         6
 Iron Shot                Conj/Erth      Unusable   9d1       N/A         6
 Summon Cactus Giant      Summ           Unusable   N/A       N/A         6
 Orb of Destruction       Conj           Unusable   9d5       N/A         7
 Spellforged Servitor     Conj/Summ      Unusable   N/A       N/A         7
 Storm Form               Tmut/Air       Unusable   N/A       N/A         7
 Dragon's Call            Summ           Unusable   N/A       N/A         9

Dungeon Overview and Level Annotations

Branches:
Dungeon (15/15)            Temple (1/1) D:6            Lair (5/5) D:10
  Swamp (4/4) Lair:3        Snake (4/4) Lair:3        Slime (0/5) Lair:4
    Orc (2/2) D:12            Elf (3/3) Orc:2        Vaults (4/5) D:14
  Crypt (0/3) Vaults:2     Depths (4/4) D:15         Bailey (visited)
  IceCv (visited)
    Zot: Depths:4

Altars:
Ashenzari
Cheibriados
Dithmenos
Elyvilon
Gozag
Kikubaaqudgha
Makhleb
Nemelex Xobeh
Okawaru
Qazlal
Ru
Sif Muna
Trog
Uskayaw
Vehumet
Wu Jian
Xom
Zin
The Shining One
Lugonu

Shops:
D:1 ?=   D:5 [*?   D:6 [   D:8 *   D:9 *   Orc:2 !((=   Elf:1 **??*   Elf:2 [
Elf:3 !=   Snake:1 :   Snake:2 =:=*   Vaults:1 [   Vaults:3 *[(=   Depths:3 ((=

Portals:
Hell: Depths:1 Depths:2 Depths:3
Abyss: Lair:5 Depths:1 Depths:3
Pandemonium: Depths:2

Annotations:
Snake:2 3 runed translucent doors, Caterwaul's ghost, adept HuMo
Elf:1 1 runed translucent door
Elf:2 3 runed translucent doors
Vaults:4 Frederick


Innate Abilities, Weirdness & Mutations

You are too large for most types of armour.
You have claws for hands.
Your natural rate of healing is unusually fast.
You are covered in fur. (AC +1)
You have tough skin. (AC +1)
You cannot be stealthy.
You cannot study or use magical devices.
You are hated by all.
You cannot study or cast Air magic.
You cannot study or cast Conjurations magic.
You cannot study or cast Hexes magic.
Your casting is slightly disrupted.
You are somewhat inexperienced. (-1 XL)
Your body sometimes deteriorates upon taking damage.
Your magical capacity is low. (-10% MP)
You occasionally shout uncontrollably at your foes.
You are very weak. (Str -4)
You sometimes lose the ability to read scrolls when taking damage.
[You are very frail. (-20% HP)]
[You are vulnerable to heat. (rF-)]


Message History

The shadow demon is moderately wounded.
Unknown command.
Throw: 4 boomerangs
Press: ? - help, Q - select action, (/) - cycle Shift-Dir - straight line, f/p - shadow demon
Aim: a shadow demon (moderately wounded, 74% to hit)
You throw a boomerang.
The boomerang completely misses the shadow demon.
Unknown command.
You claw the apocalypse crab!
The apocalypse crab is severely wounded.
The apocalypse crab closely misses you. You block the apocalypse crab's attack.
The Hell Sentinel hits you!!
* * * LOW HITPOINT WARNING * * *
The Hell Sentinel hits you but does no damage.
Unknown command.
You mangle the apocalypse crab!!
You kill the apocalypse crab!
The apocalypse crab's corpse dissolves into shadows!
You eviscerate the Hell Sentinel!!!
The Hell Sentinel is heavily wounded.
The shadow demon begins to attack, but is stunned by your conviction!
You redirect the Hell Sentinel's attack!
The Hell Sentinel hits itself but does no damage. x2
You strike the helpless Hell Sentinel from behind!
You eviscerate the Hell Sentinel!!!
The Hell Sentinel is severely wounded.
The shadow demon begins to attack, but is stunned by your conviction!
You redirect the Hell Sentinel's attack!
The Hell Sentinel is stunned by your conviction and fails to attack.
You scratch the Hell Sentinel but do no damage.
The Hell Sentinel is severely wounded.
You feel less exhausted.
The starcursed mass shrieks in your mind.
* * * LOW HITPOINT WARNING * * *
Unknown command.
You feel much better. The Hell Sentinel gestures at you.
The iron shot hits you!!!
You feel threatened and lose the ability to read scrolls!
You die...

## #.# #.. ..
#..#####.
##...##
#....1## #.
⌠#32@# . . .
##....†## . .
.# ##X.X.##.
...#x#####..#
# .... . #
##h . # .
#..'2∩.# ##
#.#X # . # #
#


You could see a starcursed mass, a Hell Sentinel (summoned), a shadow demon, an
ancient zyme, a large abomination and a ynoxinul (summoned).

Vanquished Creatures
  Mara (Snake:3)
  Vashnia (Snake:2)
  Saint Roka (Snake:4)
  Xtahua (Vaults:4)
  2 golden dragons (Depths:2)
  A caustic shrike (Depths:2)
  A profane servitor (Abyss:2)
  Nikola (Swamp:3)
  A Tzitzimitl (Depths:3)
  6 bone dragons
  A hellephant (Abyss:5)
  3 doom hounds (Depths:3)
  Zenata (Vaults:4)
  Rupert (D:12)
  A walking crystal tome (Depths:3)
  Jorgrun (Orc:2)
  A titan (Depths:3)
  The ghost of Caterwaul the Spry, an adept HuMo of the Shining One (Swamp:2)
  5 liches
  3 walking earthen tomes
  4 tentacled monstrosities
  A deep elf master archer (Elf:3)
  Grunn (Depths:3)
  2 deep elf blademasters
  The ghost of Gomuag the Fighter, an adept GnFi of Okawaru (Elf:2)
  3 thorn hunters
  A sphinx (Vaults:2)
  14 tentacled starspawn
  A shadow dragon (Depths:3)
  10 nagarajas
  3 tengu reavers
  Donald (Swamp:3)
  2 fenstrider witches (Swamp:3)
  A daeva (Abyss:4)
  The ghost of Roxkas the Thaumaturge, an adept DsMo of Hepliaklqana (Swamp:1)
  6 fire giants
  5 deep elf sorcerers
  A revenant (Abyss:5)
  10 frost giants
  Louise (Elf:1)
  Aizul (Snake:2)
  12 vault wardens
  A shard shrike simulacrum (Abyss:5)
  20 ironbound preservers
  A cacodemon (Abyss:1)
  5 deep elf elementalists
  3 orc warlords
  A spriggan defender (Depths:3)
  18 very ugly things
  3 ghouls (Swamp:3)
  5 ironbound thunderhulks
  2 war gargoyles
  A caustic shrike skeleton (D:15)
  A reaper (Depths:3)
  10 stone giants
  3 eleionomae
  Nessos (D:14)
  A vampire knight (Depths:3)
  Azrael (D:13)
  9 deep elf annihilators
  15 dire elephants
  6 deep elf demonologists
  2 putrid mouths (Depths:3)
  5 bunyips
  4 deep elf death magi (Elf:3)
  2 merfolk javelineers
  Josephine (D:14)
  5 fire dragons
  An eidolon (Abyss:5)
  A green death (Abyss:5)
  A fire dragon (shapeshifter) (Depths:3)
  7 ettins
  6 entropy weavers
  A crystal guardian (Vaults:4)
  6 great orbs of eyes
  The ghost of Boromir the Severer, a journeyman HOBe of Trog (D:12)
  A merfolk impaler (Depths:1)
  2 salamander tyrants (Snake:4)
  6 yaktaur captains
  2 ice dragons
  Harold (Lair:2)
  7 deep elf high priests (Elf:3)
  3 shambling mangroves
  Erolcha (D:12)
  A spriggan zombie (D:15)
  7 vault guards
  7 centaur warriors
  12 hydras
  3 ogre magi
  5 rakshasas
  A caustic shrike simulacrum (IceCv)
  2 peacekeepers
  5 spriggan air magi
  2 ghost crabs
  A catoblepas (D:15)
  15 ironbound frosthearts
  12 anacondas
  8 two-headed ogres
  9 alligators
  5 boulder beetles
  A death knight (D:15)
  4 tengu warriors
  18 naga warriors
  6 shock serpents
  Urug (Orc:2)
  17 thrashing horrors
  2 orc high priests
  A deep troll shaman (Depths:2)
  12 dancing weapons
  3 vampire magi
  14 naga sharpshooters
  5 spriggans
  Sonja (Orc:1)
  10 deep elf knights
  2 skysharks
  5 salamander mystics
  3 spriggan berserkers
  4 iron trolls (Depths:2)
  2 skeletal warriors (D:15)
  A sun demon (Abyss:2)
  A shadow demon (Abyss:2)
  A sixfirhy (Abyss:1)
  13 wretched stars
  2 glowing orange brains
  A spatial maelstrom (Abyss:4)
  9 deep elf archers
  32 deep trolls
  4 goliath frogs
  5 spriggan druids
  2 flayed ghosts
  4 bog bodies
  14 swamp dragons
  An orb spider (Abyss:5)
  A spriggan simulacrum (IceCv)
  5 wizards
  5 orc knights
  3 lindwurms (Vaults:1)
  4 naga ritualists
  A harpy (shapeshifter) (Lair:5)
  21 deep elf pyromancers
  17 deep elf zephyrmancers
  An anaconda skeleton (Abyss:3)
  2 necromancers
  11 ironbound convokers
  13 harpies
  12 mana vipers
  17 salamanders
  An orc sorcerer (Orc:2)
  4 cyclopes
  A manticore (D:15)
  28 ugly things
  5 will-o-the-wisps
  2 worldbinders
  A fire giant skeleton (D:15)
  A frost giant zombie (D:15)
  5 elephants (Lair:2)
  An apocalypse crab (Abyss:5)
  Maurice (D:12)
  13 naga magi
  2 demonic crawlers
  An eye of devastation (Abyss:3)
  An eye of devastation (shapeshifter) (Lair:5)
  8 guardian serpents
  22 black mambas
  A gargoyle (D:11)
  A guardian serpent (shapeshifter) (Lair:5)
  14 vault sentinels
  16 smoke demons
  A titan simulacrum (Abyss:1)
  5 orange demons
  12 cane toads
  A kobold demonologist (D:9)
  2 unseen horrors
  3 rime drakes (Swamp:4)
  2 efreet (Abyss:3)
  A golden dragon simulacrum (IceCv)
  26 yaktaurs
  8 freezing wraiths
  10 komodo dragons
  4 tormentors
  2 anaconda simulacra (IceCv)
  2 tengu conjurers
  3 ice devils (IceCv)
  14 ancient zymes
  6 trolls
  5 hellwings
  28 large abominations
  A polar bear (shapeshifter) (D:15)
  A polar bear (Lair:2)
  31 raiju
  A bloated husk (Swamp:1)
  8 tyrant leeches
  A tarantella (Vaults:3)
  27 blink frogs
  9 hornets
  8 flying skulls
  A culicivora (Vaults:3)
  A jumping spider (Vaults:3)
  31 slime creatures
  8 ynoxinuls
  3 vampires (Vaults:2)
  4 air elementals
  11 water elementals
  The ghost of senlim the Ruffian, an amateur TrGl (D:5)
  7 wraiths
  2 wyverns
  A shadow (Abyss:2)
  3 fire elementals
  A hog (shapeshifter) (D:15)
  66 yaks
  5 basilisks
  2 fire bats (Abyss:3)
  5 golden eyes (Abyss:3)
  13 vampire mosquitoes
  6 chaos spawn
  3 redbacks (Vaults:3)
  2 steam dragons (D:7)
  2 harpy simulacra (IceCv)
  2 minotaur simulacra (IceCv)
  6 neqoxecs
  12 spatial vortices (Abyss:4)
  55 nagas
  10 water moccasins
  3 wargs
  4 acid dragons
  15 swamp worms
  9 hell hounds
  44 orc warriors
  8 swamp drakes
  3 alligator simulacra (IceCv)
  An ice beast (D:7)
  12 wolves
  10 ogres
  12 centaurs
  59 starcursed masses
  A phantom (D:6)
  12 bullfrogs
  5 kobold brigands
  2 gnoll sergeants
  A necrophage (Swamp:3)
  An earth elemental (Elf:3)
  10 wights
  35 small abominations
  A lindwurm simulacrum (IceCv)
  25 killer bees
  A howler monkey (D:9)
  3 electric eels (Lair:2)
  2 lava snakes (Lair:2)
  14 orc priests
  4 jellies
  5 quasits
  5 hounds
  A gnoll bouda (D:6)
  3 iron imps
  A sleepcap (D:7)
  Terence (D:3)
  6 iguanas
  29 orc wizards
  Robin (D:4)
  4 adders
  17 gnolls
  2 shadow imps
  4 white imps
  9 ufetubi
  3 worms
  2 dart slugs
  90 orcs
  7 ball pythons
  4 bats
  5 endoplasms
  A giant cockroach (D:2)
  21 goblins
  17 hobgoblins
  6 jackals
  27 kobolds
  3 quokkas
  7 frilled lizards
  5 rats
  4 lurking horrors
  7 starspawn tentacles
1906 creatures vanquished.

Vanquished Creatures (others)
  An Executioner (Abyss:3)
  A tengu reaver (Depths:2)
  2 very ugly things
  An eleionoma (Swamp:4)
  An ettin (Orc:1)
  2 boulder beetles
  A two-headed ogre (D:14)
  A deep elf knight (Elf:1)
  A glowing orange brain (Depths:3)
  An ironbound convoker (Vaults:3)
  A deep elf zephyrmancer (Elf:1)
  A black mamba (Snake:1)
  An unseen horror (Abyss:1)
  A cane toad (Lair:4)
  A yaktaur (Vaults:4)
  A troll (D:13)
  2 raiju (Abyss:3)
  A yak (Lair:2)
  A golden eye (Abyss:3)
  A swamp worm (Swamp:1)
  A large abomination (Abyss:3)
  A naga (Snake:2)
  An orc warrior (Orc:1)
  2 centaurs (Orc:2)
  A lindwurm simulacrum (IceCv)
  A lava snake (Lair:2)
  An ufetubus (Abyss:3)
  3 orcs
  16 foxfires
  23 fungi
  A lurking horror (Abyss:5)
  26 plants
  22 starspawn tentacles
  4 withered plants (D:15)
126 creatures vanquished.

Grand Total: 2032 creatures vanquished

Notes
Turn   | Place    | Note
-------+----------+-------------------------------------------
     0 | D:1      | Illumine the Troll Fighter began the quest for the Orb.
     0 | D:1      | Reached XP level 1. HP: 22/22 MP: 0/0
   127 | D:1      | Found Xatu's Jewellery Boutique.
   217 | D:1      | Reached XP level 2. HP: 29/29 MP: 1/1
   425 | D:1      | Found Vioniriy's Magic Scroll Boutique.
   436 | D:1      | Bought a scroll of identify for 20 gold pieces
   980 | D:2      | Reached XP level 3. HP: 33/36 MP: 2/2
  1322 | D:2      | Identified the +1 quarterstaff of Subjectivity {holy, rPois
                  | rC+ Str+3}
  1470 | D:2      | Reached skill level 3 in Unarmed Combat
  1692 | D:3      | Reached XP level 4. HP: 40/44 MP: 3/3
  1910 | D:3      | Found a broken altar of Ashenzari.
  1913 | D:3      | Found a bloodstained altar of Trog.
  1962 | D:3      | Reached XP level 5. HP: 49/53 MP: 4/4
  2051 | D:3      | Noticed Terence
  2058 | D:3      | Killed Terence
  2481 | D:4      | Noticed a yak
  2483 | D:4      | Noticed a yak
  2484 | D:4      | Noticed a yak
  2484 | D:4      | Noticed a yak
  2500 | D:4      | Killed a yak
  2500 | D:4      | Killed a yak
  2500 | D:4      | Killed a yak
  2500 | D:4      | Killed a yak
  2501 | D:4      | Reached skill level 5 in Unarmed Combat
  2501 | D:4      | Reached XP level 6. HP: 50/62 MP: 5/5
  2501 | D:4      | Reached XP level 7. HP: 54/68 MP: 6/6
  2846 | D:4      | Noticed Robin
  2871 | D:4      | Killed Robin
  2963 | D:4      | Found a shimmering altar of Xom.
  3007 | D:4      | Found an ornate altar of the Wu Jian Council.
  3755 | D:5      | Entered Level 5 of the Dungeon
  3755 | D:5      | Found Zausm's Armour Shop.
  3761 | D:5      | Reached skill level 6 in Unarmed Combat
  3761 | D:5      | Reached XP level 8. HP: 76/78 MP: 7/7
  3841 | D:5      | Found Nuilaf's General Store.
  3851 | D:5      | Bought a potion of heal wounds for 70 gold pieces
  3991 | D:5      | Found Dafeb's Magic Scroll Boutique.
  4037 | D:5      | Reached skill level 5 in Shields
  4298 | D:5      | Found Ziallo's Magic Scroll Shop.
  4301 | D:5      | Bought a scroll of blinking for 82 gold pieces
  4359 | D:5      | Found a runed translucent gate.
  4359 | D:5      | Found a runed translucent gate.
  4360 | D:5      | Found a runed translucent gate.
  4361 | D:5      | Found an opulent altar of Gozag.
  4362 | D:5      | Noticed senlim's ghost (amateur TrGl)
  4431 | D:6      | Found Jechecirgh's Armour Shoppe.
  4433 | D:6      | Reached skill level 7 in Unarmed Combat
  4915 | D:6      | Reached skill level 5 in Fighting
  4915 | D:6      | Reached skill level 5 in Dodging
  4921 | D:6      | Reached XP level 9. HP: 59/88 MP: 8/8
  4925 | D:6      | Found a staircase to the Ecumenical Temple.
  4937 | Temple   | Entered the Ecumenical Temple
  4990 | Temple   | Became a worshipper of Ru the Awakened
  5145 | D:6      | Found an iron altar of Okawaru.
  5253 | D:7      | Reached skill level 8 in Unarmed Combat
  5304 | D:7      | Found a shadowy altar of Dithmenos.
  5760 | D:1      | Bought a ring of see invisible for 165 gold pieces
  5850 | D:7      | Noticed an unseen horror
  5853 | D:7      | Killed an unseen horror
  6160 | D:7      | Found a radiant altar of Vehumet.
  6170 | D:7      | Found an ancient bone altar of Kikubaaqudgha.
  6179 | D:7      | Found a shimmering blue altar of Sif Muna.
  6208 | D:7      | Got Sif Muna's Disquisition on Mustering
  6392 | D:7      | Found a stormy altar of Qazlal.
  6647 | D:7      | Reached skill level 9 in Unarmed Combat
  6801 | D:8      | Gained mutation: You cannot be stealthy. [Ru sacrifice]
  6983 | D:8      | Reached XP level 10. HP: 82/95 MP: 9/9
  7093 | D:8      | Found an opulent altar of Gozag.
  7214 | D:8      | Found Qammemat's General Store.
  7494 | D:8      | Noticed an orc knight
  7631 | D:9      | Noticed a two-headed ogre
  7644 | D:9      | Killed a two-headed ogre
  7645 | D:9      | Reached skill level 1 in Throwing
  7762 | D:9      | Reached skill level 1 in Evocations
  7944 | D:9      | Reached skill level 1 in Armour
  7944 | D:9      | Reached skill level 10 in Unarmed Combat
  8013 | D:9      | Found Zoaxter's Changing Room.
  8163 | D:10     | Entered Level 10 of the Dungeon
  8169 | D:10     | Found a sparkling altar of Nemelex Xobeh.
  8269 | D:10     | Reached XP level 11. HP: 39/107 MP: 10/10
  8418 | D:10     | Found a flagged portal.
  8435 | Bailey   | Entered a bailey
  8450 | Bailey   | Noticed an orc warlord
  8593 | Bailey   | Noticed an orc knight
  8608 | Bailey   | Killed an orc knight
  8640 | Bailey   | Found a runed translucent gate.
  8641 | Bailey   | Found a runed translucent gate.
  8642 | Bailey   | Found a runed translucent gate.
  8667 | Bailey   | Reached XP level 12. HP: 115/115 MP: 11/11
  8757 | D:10     | Reached skill level 10 in Shields
  8757 | D:10     | Reached skill level 11 in Unarmed Combat
  8757 | D:10     | Reached XP level 13. HP: 126/126 MP: 12/12
  8770 | D:10     | Gained mutation: You are hated by all. [Ru sacrifice]
  8770 | D:10     | Reached * piety under Ru
  8770 | D:10     | Reached ** piety under Ru
  9164 | D:10     | Found a staircase to the Lair.
  9210 | Lair:1   | Entered Level 1 of the Lair of Beasts
  9749 | Lair:1   | Identified the amulet of Tiro Ehy {Spirit Rampage Will++
                  | Int+3 Dex-3}
 10090 | Lair:2   | Noticed Harold
 10106 | Lair:2   | Killed Harold
 10107 | Lair:2   | Reached skill level 5 in Armour
 10446 | Lair:2   | Gained mutation: You are somewhat inexperienced. (-1 XL)
                  | [Ru sacrifice]
 10446 | Lair:2   | Reached XP level 12. HP: 31/122 MP: 2/11
 10446 | Lair:2   | Reached *** piety under Ru
 10904 | Lair:2   | Reached skill level 12 in Unarmed Combat
 11423 | Lair:3   | Found a staircase to the Snake Pit.
 12382 | Lair:4   | Reached XP level 13. HP: 67/130 MP: 8/12
 12811 | Lair:4   | Gained mutation: You cannot study or use magical devices.
                  | [Ru sacrifice]
 12811 | Lair:4   | Reached **** piety under Ru
 12811 | Lair:4   | Reached ***** piety under Ru
 12867 | Lair:4   | Found a staircase to the Slime Pits.
 13062 | Lair:5   | Entered Level 5 of the Lair of Beasts
 13752 | Lair:5   | Reached XP level 14. HP: 141/141 MP: 13/13
 13860 | Lair:5   | Reached skill level 13 in Unarmed Combat
 14003 | Lair:5   | Reached skill level 10 in Throwing
 14063 | Lair:5   | Identified the ring "Quomewk" {rElec rF+ Dex+6}
 14510 | Lair:5   | Reached skill level 10 in Fighting
 14540 | Lair:5   | Found a corrupted altar of Lugonu.
 14540 | Lair:5   | Found a one-way gate to the infinite horrors of the Abyss.
 14544 | Lair:5   | Identified the +2 mace "Ojeugais" {antimagic, *Noise rElec
                  | Int+6 SInv}
 14553 | Lair:5   | Identified the +1 leather armour of Gallantry {Dex+3}
 14869 | Lair:5   | Gained mutation: Your casting is slightly disrupted. [Ru
                  | sacrifice]
 15701 | D:12     | Noticed Boromir's ghost (journeyman HOBe)
 15710 | D:12     | Found a runed translucent door.
 15737 | D:12     | Killed Boromir's ghost
 15750 | D:12     | Got Baurch's Papyrus of the Quarry
 15849 | D:12     | Noticed Rupert
 15959 | D:12     | Found a staircase to the Orcish Mines.
 15988 | D:12     | Noticed Maurice
 15999 | D:12     | Killed Maurice
 16009 | Orc:1    | Entered Level 1 of the Orcish Mines
 16009 | Orc:1    | Noticed Erolcha
 16032 | D:12     | Killed Erolcha
 16328 | Orc:2    | Entered Level 2 of the Orcish Mines
 16328 | Orc:2    | Noticed Jorgrun
 16343 | Orc:2    | Killed Jorgrun
 16346 | Orc:2    | HP: 7/144 [centaur warrior/arrow (16)]
 16559 | D:12     | Gained mutation: You cannot study or cast Air magic. [Ru
                  | sacrifice]
 16559 | D:12     | Gained mutation: You cannot study or cast Hexes magic. [Ru
                  | sacrifice]
 16559 | D:12     | Gained mutation: You cannot study or cast Conjurations
                  | magic. [Ru sacrifice]
 16559 | D:12     | Reached ****** piety under Ru
 16762 | D:13     | Noticed Azrael
 16773 | D:13     | Killed Azrael
 16938 | D:13     | Reached skill level 14 in Unarmed Combat
 17234 | D:13     | Identified a scroll of acquirement
 17235 | D:13     | Acquired the +1 kite shield "Menum" {rC+ Str+2 Int+2 Dex+2}
 17260 | D:13     | Identified the +2 robe "Pitaleer" {+Blink rC+}
 17572 | D:14     | Noticed Josephine
 17579 | D:14     | Killed Josephine
 17580 | D:14     | Reached XP level 15. HP: 147/152 MP: 12/14
 17657 | D:14     | Noticed Nessos
 17667 | D:14     | Killed Nessos
 17933 | D:14     | Found a gate to the Vaults.
 18056 | D:14     | Found a white marble altar of Elyvilon.
 18178 | D:15     | Entered Level 15 of the Dungeon
 18790 | D:15     | Found a staircase to the Depths.
 18823 | D:15     | Reached skill level 15 in Unarmed Combat
 19982 | Lair:3   | Found a staircase to the Swamp.
 20122 | Swamp:1  | Entered Level 1 of the Swamp
 20497 | Swamp:1  | Found a large runed translucent door.
 20497 | Swamp:1  | Found a large runed translucent door.
 20499 | Swamp:1  | Noticed Roxkas's ghost (adept DsMo)
 20521 | Swamp:1  | Killed Roxkas's ghost
 20857 | Swamp:1  | Reached skill level 16 in Unarmed Combat
 21183 | Swamp:2  | Found a runed translucent door.
 21183 | Swamp:2  | Noticed Caterwaul's ghost (adept HuMo)
 21384 | Swamp:2  | Found a frozen archway.
 21408 | IceCv    | Entered an ice cave
 22011 | Swamp:2  | Noticed a thorn hunter
 22020 | Swamp:2  | Killed a thorn hunter
 22127 | Swamp:2  | Reached XP level 16. HP: 165/165 MP: 15/15
 22636 | Swamp:3  | Reached skill level 17 in Unarmed Combat
 22646 | Swamp:3  | HP: 8/165 [six-headed hydra (12)]
 22895 | Swamp:3  | Noticed Donald
 22908 | Swamp:3  | Killed Donald
 23477 | Swamp:4  | Entered Level 4 of the Swamp
 23477 | Swamp:4  | Noticed Nikola
 23487 | Swamp:3  | Killed Nikola
 23488 | Swamp:3  | Reached skill level 1 in Long Blades
 23976 | Swamp:4  | Got a decaying rune of Zot
 24121 | Swamp:4  | Noticed a tentacled monstrosity
 24136 | Swamp:4  | Killed a tentacled monstrosity
 24373 | Swamp:4  | Noticed a tentacled monstrosity
 24510 | Swamp:4  | Reached skill level 18 in Unarmed Combat
 24875 | Snake:1  | Entered Level 1 of the Snake Pit
 24890 | Snake:1  | Found Xuror's Book Shoppe.
 25819 | Snake:2  | Noticed Vashnia
 25823 | Snake:2  | Noticed Aizul
 25966 | Snake:2  | Noticed Caterwaul's ghost (adept HuMo)
 25972 | Snake:2  | Reached skill level 10 in Armour
 26046 | Snake:2  | Killed Aizul
 26047 | Snake:2  | Reached XP level 17. HP: 141/175 MP: 13/16
 26095 | Snake:2  | Found a runed translucent gate.
 26098 | Snake:2  | Found a runed translucent gate.
 26098 | Snake:2  | Found a runed translucent gate.
 26102 | Snake:2  | Identified the ring "Xyfovic" {MP+9 Str+5}
 26397 | Snake:2  | Found Giuru's Neck Hole.
 26405 | Snake:2  | Bought an amulet of reflection for 480 gold pieces
 26538 | Snake:2  | Identified the +6 mace "Vyukalam" {heavy, rC+ Dex+5}
 26762 | Snake:2  | Killed Vashnia
 26923 | Snake:2  | Found Baoschib's Jewellery Emporium.
 26925 | Snake:2  | Found Qounnise's Book Shop.
 26926 | Snake:2  | Found Puow's Jewellery Emporium.
 27421 | Snake:3  | Reached skill level 19 in Unarmed Combat
 27658 | Snake:3  | Found a sacrificial altar of Ru.
 27658 | Snake:3  | Noticed Mara
 27701 | Snake:3  | Noticed Illumine's illusion
 27960 | Vaults:1 | Entered Level 1 of the Vaults
 28096 | Vaults:1 | Paralysed by a great orb of eyes for 2 turns
 28209 | Vaults:1 | Found Abo Rum's Armour Boutique.
 28215 | Vaults:1 | Identified the ring "Ejos" {rN+ Will+ Dex+6}
 29531 | Vaults:2 | Reached skill level 20 in Unarmed Combat
 29532 | Vaults:2 | HP: 7/179 [stone giant (15)]
 29931 | Vaults:2 | Reached XP level 18. HP: 131/174 MP: 9/17
 30418 | Vaults:2 | Found a staircase to the Crypt.
 31001 | Vaults:2 | HP: 2/189 [vault warden/+3 halberd of venom (26)]
 31518 | Vaults:2 | Identified the +4 robe of the Tanner {Drain Str+4 Int+3}
 31687 | D:12     | Paralysed by Rupert for 2 turns
 31695 | D:12     | Killed Rupert
 31939 | D:5      | Killed senlim's ghost
 32314 | Swamp:2  | Killed Caterwaul's ghost
 32989 | Orc:2    | Found a staircase to the Elven Halls.
 33042 | Orc:2    | Noticed Urug
 33059 | Orc:2    | Killed Urug
 33532 | Orc:1    | Noticed Sonja
 33533 | Orc:1    | Reached skill level 21 in Unarmed Combat
 33544 | Orc:1    | Killed Sonja
 33790 | Orc:2    | Found Wuwopenn's Weapon Shoppe.
 33790 | Orc:2    | Found Qenoxih's Antique Weapon Boutique.
 33792 | Orc:2    | Found Xurchene's Jewellery Shop.
 33794 | Orc:2    | Found Aberchu's Distillery.
 34310 | Snake:4  | Entered Level 4 of the Snake Pit
 34310 | Snake:4  | Noticed Saint Roka
 34391 | Snake:3  | Noticed Illumine's illusion
 34399 | Snake:3  | Killed Mara
 34950 | Snake:4  | Killed Saint Roka
 35887 | Snake:4  | Reached XP level 19. HP: 184/200 MP: 18/18
 35928 | Snake:4  | Got a serpentine rune of Zot
 36737 | Vaults:3 | Found Quklar's Jewellery Shoppe.
 36912 | Vaults:3 | Reached skill level 22 in Unarmed Combat
 37126 | Vaults:3 | Reached skill level 15 in Fighting
 38276 | Vaults:3 | Found an opulent altar of Gozag.
 38280 | Vaults:3 | Found Gozag's Antique Weapon Shoppe.
 38285 | Vaults:3 | Found Gozag's Antique Armour Emporium.
 38293 | Vaults:3 | Found Gozag's Assorted Antiques.
 38892 | Vaults:4 | Noticed Zenata
 38906 | Vaults:4 | Killed Zenata
 39324 | Vaults:4 | Reached skill level 23 in Unarmed Combat
 39364 | Vaults:4 | Noticed Xtahua
 39370 | Vaults:4 | Killed Xtahua
 39371 | Vaults:4 | Reached XP level 20. HP: 111/211 MP: 19/19
 39691 | Vaults:4 | Noticed Frederick
 39899 | Elf:1    | Entered Level 1 of the Elven Halls
 39899 | Elf:1    | Found a runed translucent gate.
 39899 | Elf:1    | Found a runed translucent gate.
 39899 | Elf:1    | Found a runed translucent gate.
 39899 | Elf:1    | Found a runed translucent gate.
 39899 | Elf:1    | Found a runed translucent gate.
 39899 | Elf:1    | Found a runed translucent gate.
 39900 | Elf:1    | Found a runed translucent door.
 39917 | Elf:1    | Found a runed translucent door.
 39989 | Elf:1    | Found Siutuiph's Magic Scroll Emporium.
 40016 | Elf:1    | Noticed Louise
 40035 | Elf:1    | Killed Louise
 40246 | Elf:1    | Found Mienk's Assorted Antiques.
 40255 | Elf:1    | Bought a thick diamond amulet for 150 gold pieces
 40256 | Elf:1    | Bought a glowing cloak for 225 gold pieces
 40429 | Elf:1    | Paralysed by an air elemental for 1 turns
 40607 | Elf:1    | Found Lulinat's Assorted Antiques.
 40678 | Elf:1    | Found Yqyjimm's Assorted Antiques.
 40678 | Elf:1    | Found the +8 demon blade "Leech" {evervamp, Harm Drain rN+}
 40774 | Elf:1    | Found Cyihocw's Magic Scroll Shoppe.
 40782 | Elf:1    | Bought a scroll of acquirement for 936 gold pieces
 40782 | Elf:1    | Acquired a manual of Throwing
 41271 | Elf:2    | Found a runed translucent door.
 41272 | Elf:2    | Noticed Gomuag's ghost (adept GnFi)
 41315 | Elf:2    | Killed Gomuag's ghost
 41359 | Elf:2    | Found Koivaeni's Armour Boutique.
 41519 | Elf:2    | Identified the ring "Xealirhapn" {Wiz MP+9 Int+4 Stlth+}
 41592 | Elf:2    | Found a runed translucent gate.
 41592 | Elf:2    | Found a runed translucent gate.
 41592 | Elf:2    | Found a runed translucent gate.
 41667 | Elf:3    | Entered Level 3 of the Elven Halls
 41667 | Elf:3    | Found an ancient bone altar of Kikubaaqudgha.
 41696 | Elf:3    | Found Qeavuar's Jewellery Emporium.
 41814 | Elf:3    | Bought the ring "Halill" {rCorr Slay+4} for 996 gold pieces
 41865 | Elf:3    | Found Amifewan's Distillery.
 42690 | Elf:3    | Identified the +6 scimitar of Cahaq {elec, Str+2}
 42718 | Elf:3    | Identified the +0 dire flail of Equivalence {drain, Will-
                  | Int+5}
 42861 | Elf:3    | Identified the ring "Gemmint" {rElec rN+ Slay+5}
 43090 | Elf:3    | Identified a ring of Fatan {Fly rC- rN+ Dex+5 Stlth-}
 43165 | Elf:3    | Identified the ring of Acuilot {rC+ Stlth+}
 43403 | Elf:3    | Identified the +5 arbalest of Wyrd {penet, rC+}
 43655 | Depths:1 | Entered Level 1 of the Depths
 43670 | Depths:1 | Reached skill level 24 in Unarmed Combat
 43852 | Depths:1 | Found a gateway to Hell.
 44301 | Depths:1 | Identified the +8 mace of Gozag's Respect {vamp, rN+ Str+3
                  | Int+3}
 44384 | Depths:1 | Found a broken altar of Ashenzari.
 44469 | Depths:1 | Found a corrupted altar of Lugonu.
 44550 | Depths:2 | Found a one-way gate leading to the halls of Pandemonium.
 44611 | Depths:2 | Noticed a golden dragon
 44621 | Depths:2 | Killed a golden dragon
 44622 | Depths:2 | Reached XP level 21. HP: 200/222 MP: 20/20
 44889 | Depths:2 | Noticed a caustic shrike
 44894 | Depths:2 | Killed a caustic shrike
 44921 | Depths:2 | Noticed a golden dragon
 44930 | Depths:2 | Killed a golden dragon
 45791 | Depths:3 | Noticed Grunn
 45973 | Depths:3 | Found Osomom's Weapon Boutique.
 45973 | Depths:3 | Found Wuully's Antique Weapon Shop.
 46075 | Depths:3 | Found Xoptyat's Jewellery Shop.
 46441 | Depths:3 | Reached skill level 15 in Throwing
 47025 | Depths:3 | Killed Grunn
 47259 | Depths:4 | Entered Level 4 of the Depths
 47460 | Depths:3 | Voluntarily entered the Abyss.
 47516 | Abyss:1  | Found a corrupted altar of Lugonu.
 47578 | Abyss:1  | Found a corrupted altar of Lugonu.
 47946 | Abyss:1  | Reached skill level 25 in Unarmed Combat
 48157 | Abyss:1  | Gained mutation: You are weak. (Str -2) [a cacodemon]
 48404 | Abyss:2  | Found a shadowy altar of Dithmenos.
 48431 | Abyss:2  | Found a corrupted altar of Lugonu.
 48751 | Abyss:3  | Reached skill level 15 in Armour
 48762 | Abyss:3  | Gained mutation: Your magical capacity is low. (-10% MP) [a
                  | neqoxec]
 48790 | Abyss:3  | Gained mutation: You occasionally shout uncontrollably at
                  | your foes. [a neqoxec]
 48798 | Abyss:3  | Gained mutation: You occasionally lose the ability to read
                  | scrolls when taking damage. [a neqoxec]
 48903 | Abyss:3  | Reached XP level 22. HP: 226/228 MP: 14/14
 49912 | Abyss:3  | Paralysed by accursed screaming for 1 turns
 50209 | Abyss:4  | Paralysed by accursed screaming for 2 turns
 50220 | Abyss:4  | Paralysed by accursed screaming for 2 turns
 50265 | Abyss:4  | Found a corrupted altar of Lugonu.
 50339 | Abyss:4  | Found a corrupted altar of Lugonu.
 50384 | Abyss:4  | Found a corrupted altar of Lugonu.
 50517 | Abyss:5  | Gained mutation: You are very weak. (Str -4) [a neqoxec]
 50521 | Abyss:5  | Gained mutation: You sometimes lose the ability to read
                  | scrolls when taking damage. [a neqoxec]
 50741 | Abyss:5  | Reached skill level 26 in Unarmed Combat
 50778 | Abyss:5  | Gained mutation: [You are frail. (-10% HP)] [a neqoxec]
 50780 | Abyss:5  | Gained mutation: Your body sometimes deteriorates upon
                  | taking damage. [a neqoxec]
 50794 | Abyss:5  | Paralysed by accursed screaming for 1 turns
 50799 | Abyss:5  | Paralysed by accursed screaming for 1 turns
 50840 | Abyss:5  | Got an abyssal rune of Zot
 50861 | Abyss:5  | Killed from afar by a Hell Sentinel

Illustrated notes

Levels and vault maps discovered:
D:1:      lightli_arrival_statuegarden, layout_rooms, serial_co_window_serial,
          co_window_paths_a, co_window_paths_a, co_window_paths_b,
          co_window_paths_b, co_window_paths_b, co_window_broadway_c,
          co_window_of_opportunity_b, co_window_paths_c, co_window_corner_b,
          co_window_broadway_c, co_window_paths_c, co_window_sun,
          co_window_4corner_a, glass_columns_b, glass_columns_c, serial_shops,
          shop, shop_scrolls
D:2:      cheibrodos_greedy_goblins, layout_loops_cross
D:3:      layout_loops_ring, jmf_multi_god_temple, minmay_close_crescents,
          uniq_terence
D:4:      layout_layer_cave, mainiacjoe_overflow_catwalk_spiral, uniq_robin
D:5:      layout_basic, serial_shops, nicolae_stop_n_shop_1, shop, shop,
          nicolae_shop_behind_doors, ebering_ghost_gozag
D:6:      layout_basic, lemuel_round_altar, minmay_temple_entry_poolview,
          serial_shops, nicolae_diamond_shop, abandoned_shop
D:7:      layout_loops_ring, palyth_temple_overflow_mages,
          nicolae_qazlal_eye_of_the_storm, nicolae_dithmenos_the_darkroom
D:8:      layout_basic, mainiacjoe_overflow_alcove_2, serial_shops,
          nicolae_shop_stone, wad_dig_loot
D:9:      layout_roguey, nicolae_transmutations_shop
D:10:     layout_basic, mainiacjoe_overflow_concentric_impassable,
          lair_entry_dummy, enter_bailey_2, lemuel_flamethrower_2
D:11:     layout_cave_pools
D:12:     layout_roguey, david_orc_2, hellmonk_ghost_big_iron,
          chequers_serial_rivers_room_b, uniq_maurice, uniq_fannar, uniq_rupert
D:13:     layout_rooms, uniq_azrael
D:14:     layout_gridville, david_vaults_2, elyvilon_altar_5, uniq_josephine,
          uniq_nessos
D:15:     gammafunk_depths_entry_grave, layout_irregular_city,
          serial_column_ruins, column_ruins_hut_ruined, column_ruins_open_tiny,
          column_ruins_grid_2, column_ruins_open_tiny
Temple:   nicolae_temple_ecumenical_triangle
Lair:1:   layout_misc_corridors, grunt_megastairs_1, infiniplex_staircase_pool_2
Lair:2:   layout_roguey, nicolae_lair_liquid_snakes, uniq_harold
Lair:3:   layout_layer_cave, palyth_hydra_swamp_entry,
          minmay_snake_entry_guardpost_small, grunt_megastairs_5,
          serial_bayou_shore_b
Lair:4:   layout_long_grid, slime_entry_1
Lair:5:   hellmonk_lair_end_abyssal_woods, layout_regular_city,
          chequers_serial_rivers_marsh
Swamp:1:  layout_falls_marsh, ebering_ghost_disaster_area,
          evilmike_swamp_ruin_house_3
Swamp:2:  layout_basic_swamp, portal_ice_cave_entry_frozen_things,
          hellmonk_ghost_happy_afterlife,
          nicolae_swamp_feature_on_the_river_bank
Swamp:3:  layout_falls_marsh, hangedman_swamp_pad, swamp_pool5,
          nicolae_swamp_tree_designs, uniq_donald
Swamp:4:  swamp_alternative, layout_basic_swamp, uniq_nikola
Snake:1:  layout_misc_corridors, serial_shops, nicolae_shop_hallway_stairs,
          grunt_ministairs_13
Snake:2:  layout_onion_interference, gammafunk_ghost_split,
          nicolae_shop_sticking_my_neck_out, minmay_shop_grove, uniq_vashnia,
          uniq_aizul
Snake:3:  nicolae_snake_hallway, layout_misc_corridors, basic_altar, uniq_mara
Snake:4:  grunt_snake_rune_serpentine_throne, layout_cave_town,
          grunt_megastairs_2, uniq_saint_roka
Orc:1:    layout_caves, uniq_sonja, uniq_erolcha
Orc:2:    st_orc_rangers, layout_caves, nicolae_orc_bridge_out, uniq_jorgrun,
          uniq_urug
Elf:1:    nicolae_elf_arrival_dilemma, layout_geoelf_diagonals, serial_shops,
          nicolae_shop_trees, nicolae_shop_waterfront, shop, shop,
          nicolae_shop_overgrown_old_shop, evilmike_minifort, uniq_louise
Elf:2:    nicolae_elf_blades_splatter_lattice [mumra_blade_entry_dagger],
          layout_gridlike, ebering_ghost_inner_flame, serial_shops,
          nicolae_shop_behind_doors, uniq_agnes
Elf:3:    minmay_elf_hall_not_hex, layout_loops_cross, serial_shops,
          shop_statue, basic_altar, minmay_shop_enchanted_jewellery,
          nicolae_elf_glass_and_crystal_pillar_2
Vaults:1: hangedman_vaults_slice, ontoclasm_vaults_ring_square, v_misc_3,
          v_misc_23, nicolae_vaults_little_squares_2, v_rooms_1, v_misc_11,
          hangedman_vaults_nails, vaults_mumra_hex,
          nicolae_vaults_little_squares_5, vaults_room_stairs_pillars,
          vaults_dpeg_hooks, vaults_room_door_ring, ontoclasm_vaults_gateway,
          layout_vaults_omnicross, serial_shops, shop
Vaults:2: minmay_crypt_entry_vampire_xt, vaults_standard_mumra_lines,
          vaults_mumra_chevron, v_misc_10, nicolae_vaults_stairing_the_circle,
          ontoclasm_vaults_pinch, nicolae_vaults_display_case,
          hangedman_vaults_slice, ontoclasm_vaults_chip, layout_vaults_omnigrid
Vaults:3: nicolae_vaults_circle_grid_b, v_misc_3, dpeg_vaults_monster_row,
          kennysheep_vaults_gozag_temple, ontoclasm_vaults_twist,
          ontoclasm_vaults_tryst, vaults_mumra_minichess, ontoclasm_vaults_chip,
          vaults_room_boxed, vaults_room_pool, v_misc_29,
          layout_vaults_maze_snakey, serial_shops, shop
Vaults:4: ontoclasm_vaults_spin, vaults_room_semicircle, hangedman_vaults_nails,
          vaults_room_fours, ontoclasm_vaults_fault, dpeg_vaults_monster_box,
          ontoclasm_vaults_ring_large, layout_vaults_ring, uniq_zenata,
          uniq_xtahua, uniq_frederick
Depths:1: layout_cave_pools, abyss_entry_flame_altar, hell_entry,
          ashenzari_conservatory_becter
Depths:2: kennysheep_large_spiral, layout_small_grid, hell_entry, pan_entry
Depths:3: hangedman_cross_veins, layout_gridlike, grunt_decor_junction,
          abyss_entry, hangedman_coc_ice_floe, serial_shops,
          nicolae_shop_hallway_plus, minmay_shoptagon, uniq_grunn
Depths:4: evilmike_zot_entry_diamond, layout_cave_pools, enter_ziggurat_b,
          nicolae_ru_path_of_blood, grunt_hell_entry_dis_mu,
          lemuel_nasty_fountain
Abyss:5:  base: D:4, evilmike_abyss_exit_8, nicolae_abyss_rune_left_handed,
          hangedman_classic_abyss_death, evilmike_abyss_exit_8,
          nicolae_abyss_rune_left_handed, minivault_1

Skill      XL: |  1  2  3  4  5  6  7  8  9 10 11 12 13 14 15 16 17 18 19 20 21 22 |
---------------+-------------------------------------------------------------------+-----
Shields        | 3 4 5 6 7 9 10 | 10.1
Unarmed Combat | 3 5 6 7 9 10 12 14 16 18 20 21 23 24 25 26 | 26.1
Fighting       | 3 4 5 6 7 9 10 11 12 13 14 15 16 17 | 17.4
Dodging        | 3 4 5 6 8 |  8.0
Throwing       | 2 6 7 9 11 12 14 15 17 | 17.1
Evocations     | 2 3 0 |  0.0
Armour         | 2 3 7 8 10 11 12 13 14 15 | 15.5
Long Blades    | 3 4 |  4.0

Action                     |  1- 3 |  4- 6 |  7- 9 | 10-12 | 13-15 | 16-18 | 19-21 | 22-24 || total
---------------------------+-------+-------+-------+-------+-------+-------+-------+-------++-------
  Melee: Unarmed           |   129 |    56 |   296 |   394 |  1285 |  1443 |  1594 |   444 ||  5641
         Long sword        |       |    11 |    68 |       |       |       |       |       ||    79
         Scimitar          |       |       |       |       |    10 |    20 |       |       ||    30
  Throw: Boomerang         |       |     2 |     1 |    19 |   231 |   298 |   167 |   168 ||   886
         Throwing net      |       |     1 |       |       |       |       |       |       ||     1
         Large rock        |       |       |       |       |    18 |    26 |       |       ||    44
 Invoke: Sacrifice Stealth |       |       |     1 |       |       |       |       |       ||     1
         Sacrifice Experie |       |       |       |     1 |       |       |       |       ||     1
         Power Leap        |       |       |       |       |    10 |    14 |     2 |     1 ||    27
         Sacrifice Artific |       |       |       |       |     1 |       |       |       ||     1
         Sacrifice Love    |       |       |       |       |     1 |       |       |       ||     1
         Sacrifice Essence |       |       |       |       |     1 |       |       |       ||     1
         Sacrifice Arcana  |       |       |       |       |     1 |       |       |       ||     1
         Draw Out Power    |       |       |       |       |       |     1 |       |       ||     1
         Apocalypse        |       |       |       |       |       |     2 |     1 |     1 ||     4
  Evoke: Wand              |       |       |     1 |    13 |     4 |       |       |       ||    18
    Use: Scroll            |     2 |     3 |     6 |     7 |    21 |    14 |    17 |     2 ||    72
         Potion            |       |       |     3 |     5 |     5 |    11 |     8 |     9 ||    41
   Stab: Invisible         |       |       |       |     1 |     4 |    22 |    11 |       ||    38
         Distracted        |       |       |       |       |     9 |     8 |    12 |     6 ||    35
         Paralysed         |       |       |       |       |     5 |     9 |    15 |       ||    29
         Confused          |       |       |       |       |       |     2 |     3 |       ||     5
 Armour: Robe              |    53 |    23 |    59 |       |       |       |       |       ||   135
         Steam dragon scal |       |       |    86 |    23 |       |       |       |       ||   109
         Acid dragon scale |       |       |       |    86 |   244 |    21 |       |       ||   351
         Swamp dragon scal |       |       |       |       |       |   164 |    85 |       ||   249
         Skin              |       |       |       |       |       |     3 |       |       ||     3
         Fire dragon scale |       |       |       |       |       |       |    50 |       ||    50
         Gold dragon scale |       |       |       |       |       |       |   154 |   156 ||   310
  Dodge: Dodged            |    43 |    20 |   143 |   119 |   406 |   473 |   254 |    58 ||  1516
         Repelled          |       |       |       |       |     3 |    31 |    19 |     5 ||    58
  Block: Kite shield       |    67 |    30 |   151 |   165 |   564 |   961 |   778 |   255 ||  2971
         Reflection        |       |       |       |       |       |   113 |    53 |     4 ||   170

Table legend: (Time is in decaauts)
 A = Elapsed time spent in this place.
 B = Non-inter-level travel time spent in this place.
 C = Inter-level travel time spent in this place.
 D = Time resting spent in this place.
 E = Time spent auto-exploring this place.
 F = Levels seen in this place.
 G = Mean time per level.
                   A        B        C        D        E       F      G
               +--------+--------+--------+--------+--------+-----+--------+
         Total |  49654 |  45410 |   4244 |   8425 |  23930 |  49 | 1013.3 |
       Dungeon |  14226 |  12237 |   1989 |   1176 |   7803 |  15 |  948.4 |
        Temple |     58 |     54 |      4 |     23 |      0 |   1 |   58.0 |
          Lair |   6640 |   5767 |    873 |    763 |   3671 |   5 | 1328.0 |
         Swamp |   4212 |   4018 |    194 |   1008 |   1889 |   4 | 1053.0 |
     Snake Pit |   4726 |   4431 |    295 |    597 |   2637 |   4 | 1181.5 |
  Orcish Mines |   1848 |   1654 |    194 |    528 |    690 |   2 |  924.0 |
   Elven Halls |   3542 |   3375 |    167 |    670 |   1642 |   3 | 1180.7 |
        Vaults |   6843 |   6525 |    318 |   1787 |   3274 |   4 | 1710.8 |
        Depths |   3620 |   3413 |    207 |    815 |   1802 |   4 |  905.0 |
         Abyss |   3114 |   3114 |      0 |    882 |    412 |   5 |  622.8 |
        Bailey |    314 |    314 |      0 |      0 |      0 |   1 |  314.0 |
      Ice Cave |    506 |    506 |      0 |    173 |    110 |   1 |  506.0 |
               +--------+--------+--------+--------+--------+-----+--------+

Top non-repeatable levels by time:
Vaults:2: 2093 daAuts
Vaults:3: 1777 daAuts
  Lair:5: 1742 daAuts
Vaults:1: 1729 daAuts
Depths:3: 1676 daAuts
  Lair:2: 1666 daAuts
 Snake:4: 1555 daAuts
   Elf:3: 1510 daAuts
 Snake:2: 1485 daAuts
  Lair:3: 1468 daAuts
     D:4: 1376 daAuts
     D:7: 1346 daAuts
 Swamp:3: 1315 daAuts
 Abyss:3: 1268 daAuts
    D:15: 1247 daAuts
